 Dungeon Crawl Stone Soup version 0.18-b1-16-g289874d (webtiles) character file.

1208 otab the Basher (level 8, -3/87 HPs)
             Began as an Ogre Berserker on May 1, 2016.
             Was an Elder of Trog.
             Shot with an arrow by a centaur (14 damage)
             ... on level 6 of the Dungeon.
             The game lasted 00:07:25 (6672 turns).

otab the Basher (Ogre Berserker)                    Turns: 6672, Time: 00:07:25

Health: -3/87      AC:  7    Str: 23    XL:     8   Next: 45%
Magic:  8/8        EV:  6    Int:  6    God:    Trog [****..]
Gold:   245        SH:  0    Dex: 11    Spells: 0 memorised, 7 levels left

rFire  . . .     SeeInvis .     l - -1 executioner's axe
rCold  . . .     Gourm    .     b - +1 animal skin
rNeg   + . .     Faith    .     (shield currently unavailable)
rPois  +         Spirit   .     (helmet restricted)
rElec  .         Dismiss  .     m - +2 cloak
rCorr  .         Reflect  .     (gloves unavailable)
SustAt .         Harm     .     (boots unavailable)
MR     .....                    (no amulet)
Stlth  +.........               t - ring of poison resistance
                                p - ring of positive energy

@: drained, not resistant to hostile enchantments, very unstealthy
A: unfitting armour, tough skin 1
a: Berserk, Trog's Hand, Brothers in Arms, Burn Spellbooks, Renounce Religion


You were on level 6 of the Dungeon.
You worshipped Trog.
Trog was greatly pleased with you.
You were very hungry.

You visited 1 branch of the dungeon, and saw 6 of its levels.

You collected 245 gold pieces.

Inventory:

Hand Weapons
 a - a +0 mace
 l - a -1 executioner's axe (weapon)
Armour
 b - a +1 animal skin (worn)
 m - a +2 cloak (worn)
Jewellery
 p - a ring of positive energy (left hand)
 t - a ring of poison resistance (right hand)
Scrolls
 e - a scroll of magic mapping
 n - 3 scrolls of remove curse
Potions
 q - 2 potions of flight
Comestibles
 c - 4 bread rations
 o - 2 fruits


   Skills:
 + Level 7.0(5.9) Fighting
 * Level 9.0(7.9) Maces & Flails
 + Level 6.3(5.3) Dodging


You had 7 spell levels left.
You didn't know any spells.

Dungeon Overview and Level Annotations

Branches:
Dungeon (6/15)
 Temple: D:4-7

Altars:
Fedhas
Gozag
Okawaru
Pakellas
Vehumet
Xom

Portals:
Ossuary: D:6


Innate Abilities, Weirdness & Mutations

You are too large for most types of armour.
You have tough skin (AC +1).


Message History

* * * LOW HITPOINT WARNING * * *
The giant frog zombie barely misses you.
Found a stone staircase leading down.
You see here an arrow.
The centaur shoots an arrow.
The arrow barely misses you.
The arrow hits the giant frog zombie!
The centaur shoots an arrow.
The arrow misses you.
The arrow closely misses the hound.
The hound closely misses you.
Found a stone staircase leading up.
The centaur shoots an arrow.
The arrow hits you!
* * * LOW HITPOINT WARNING * * *
The hound barely misses you.
There is a sand-covered staircase here.
You see here an arrow.
Unknown command.
Unknown command.
The hound bites you.
* * * LOW HITPOINT WARNING * * *
The centaur shoots an arrow.
The arrow hits you!
You die...

#.##### #.....# #####.#
#.# ############# #.#
#...........#
#######.###.(.........##
..........'..(((8.....>#
###.###.###....hZ......<
#.# #...8.@.8.....#####
.h# #........cs.....§§#
...# #.....8.....#.###§#
....'.'..........$+
#<§§#
.....###...........#
##### ......#
#...........# .......#
#...........#
#############


You could see a centaur, a scorpion, a hound and a giant frog zombie.

Vanquished Creatures
  A phantom (D:5)
  A centaur (D:5)
  4 scorpions (D:4)
  3 wights (D:6)
  A howler monkey (D:4)
  2 hounds
  Crazy Yiuf (D:3)
  An orc priest (D:5)
  3 orc wizards
  Jessica (D:3)
  Natasha (thrice) (D:3)
  Terence (D:3)
  5 worker ants
  10 adders
  3 oozes
  An adder skeleton (D:4)
  2 adder zombies (D:5)
  2 dart slugs (D:3)
  5 giant geckos
  14 orcs
  5 giant cockroaches
  10 hobgoblins
  5 jackals
  3 quokkas
  9 bats
  A giant gecko skeleton (D:4)
  8 giant newts
  8 goblins
  9 kobolds
  A quokka skeleton (D:5)
  11 rats
134 creatures vanquished.

Vanquished Creatures (others)
  A giant gecko (D:2)
  A fungus (D:4)
2 creatures vanquished.

Grand Total: 136 creatures vanquished

Notes
Turn   | Place    | Note
--------------------------------------------------------------
     0 | D:1      | otab the Ogre Berserker began the quest for the Orb.
     0 | D:1      | Reached XP level 1. HP: 24/24 MP: 1/1
   168 | D:1      | Reached XP level 2. HP: 31/32 MP: 2/2
   753 | D:2      | Reached XP level 3. HP: 26/40 MP: 3/3
   880 | D:2      | Reached ** piety under Trog
   890 | D:2      | Found a radiant altar of Vehumet.
  1273 | D:2      | Found an oddly glowing altar of Pakellas.
  1364 | D:2      | Reached skill level 5 in Maces & Flails
  1364 | D:2      | Reached XP level 4. HP: 37/49 MP: 4/4
  1669 | D:3      | Noticed Jessica
  1670 | D:3      | Killed Jessica
  1670 | D:3      | Reached skill level 5 in Fighting
  1670 | D:3      | Reached XP level 5. HP: 55/57 MP: 5/5
  1839 | D:3      | Reached *** piety under Trog
  1976 | D:3      | Reached skill level 6 in Maces & Flails
  2204 | D:3      | Noticed Terence
  2221 | D:3      | Killed Terence
  2221 | D:3      | Reached XP level 6. HP: 66/66 MP: 6/6
  2225 | D:3      | Found a shimmering altar of Xom.
  2440 | D:3      | Noticed Natasha
  2448 | D:3      | Killed Natasha
  2471 | D:3      | Noticed Natasha
  2479 | D:3      | Killed Natasha
  2611 | D:3      | Noticed Crazy Yiuf
  2617 | D:3      | Killed Crazy Yiuf
  2749 | D:3      | Noticed Natasha
  2756 | D:3      | Killed Natasha
  2756 | D:3      | Reached **** piety under Trog
  2756 | D:3      | Reached skill level 7 in Maces & Flails
  3228 | D:4      | Reached XP level 7. HP: 62/74 MP: 7/7
  3382 | D:4      | Found a blossoming altar of Fedhas.
  3410 | D:4      | Found an opulent altar of Gozag.
  3435 | D:4      | Reached skill level 8 in Maces & Flails
  4029 | D:4      | Reached skill level 5 in Dodging
  4799 | D:5      | Entered Level 5 of the Dungeon
  4852 | D:5      | Reached XP level 8. HP: 27/84 MP: 8/8
  5693 | D:5      | Found an iron altar of Okawaru.
  6543 | D:6      | Reached skill level 9 in Maces & Flails
  6663 | D:6      | Found a sand-covered staircase.
  6672 | D:6      | Shot with an arrow by a centaur

Skill      XL: |  1  2  3  4  5  6  7  8 |
---------------+-------------------------+-----
Dodging        | 3 4 5 6 |  6.3
Maces & Flails | 5 6 7 8 9 |  9.0
Fighting       | 5 6 7 |  7.0

Action                   |  1- 3 |  4- 6 |  7- 9 || total
-------------------------+-------+-------+-------++-------
Melee: Mace              |    98 |   158 |   134 ||   390
       Executioner's axe |       |       |   179 ||   179
Invok: Berserk           |       |     6 |     1 ||     7
       Burn Spellbooks   |       |       |     1 ||     1
  Use: Potion            |       |     2 |     4 ||     6
       Scroll            |       |       |    11 ||    11
 Stab: Sleeping          |     1 |       |       ||     1
  Eat: Chunk             |     1 |    13 |     9 ||    23
       Pizza             |       |       |     1 ||     1
       Fruit             |       |       |     1 ||     1
Armor: Animal skin       |    26 |    49 |   146 ||   221
       Skin              |       |       |    38 ||    38
Dodge: Dodged            |    53 |   107 |   282 ||   442
